 Dungeon Crawl Stone Soup version 0.17.0-23-g0de4337 (webtiles) character file.

314 JudasIscariot the Sneak (level 6, -11/37 HPs)
             Began as a Kobold Assassin on Nov 14, 2015.
             Killed by divine providence
             ... invoked by an orc priest
              (15 damage)
             ... on level 4 of the Dungeon.
             The game lasted 00:12:49 (3623 turns).

JudasIscariot the Sneak (Kobold Assassin)           Turns: 3623, Time: 00:12:50

Health: -11/37     AC:  4    Str:  9    XL:     6   Next: 72%
Magic:  6/6        EV: 16    Int:  9    God:
Gold:   119        SH:  0    Dex: 20    Spells: 0 memorised, 5 levels left

rFire  . . .     SeeInvis .     a - +2 dagger
rCold  . . .     Clarity  .     w - +0 leather armour (curse)
rNeg   . . .     SustAt   .     (shield restricted)
rPois  .         Gourm    .     (no helmet)
rElec  .         Spirit   .     d - +0 cloak
rCorr  .         Warding  .     (no gloves)
rMut   .         Stasis   .     (no boots)
MR     .....                    (no amulet)
Stlth  ++++......               (no ring)
                                (no ring)

@: not resistant to hostile enchantments, stealthy
A: carnivore 3
a: no special abilities


You were on level 4 of the Dungeon.
You were completely stuffed.

You visited 1 branch of the dungeon, and saw 4 of its levels.

You collected 119 gold pieces.

Inventory:

Hand Weapons
 a - a +2 dagger (weapon)
 b - a +0 blowgun
 v - a +2 dagger of electrocution
Missiles
 e - 43 poisoned needles
 f - 2 curare-tipped needles
Armour
 c - a +0 robe
 d - a +0 cloak (worn)
 w - a cursed +0 leather armour (worn)
Scrolls
 h - a scroll of teleportation {unknown}
 i - a scroll of recharging {unknown}
 k - 4 scrolls of identify {unknown}
 n - 2 scrolls of amnesia {unknown}
 p - 3 scrolls of remove curse {unknown}
 q - a scroll of enchant armour {unknown}
 s - a scroll of enchant weapon {unknown}
 u - a scroll of immolation {unknown}
Potions
 j - a potion of degeneration {unknown}
 l - a potion of resistance {unknown}
 m - a potion of heal wounds {unknown}
 r - a potion of haste
Books
 t - a book of the Sky

   Spells                             Type                      Level
   a - Summon Lightning Spire         Summoning/Air                4
   b - Airstrike                      Air                          4
   c - Silence                        Hexes/Air                    5
   d - Deflect Missiles               Charms/Air                   6
   e - Conjure Ball Lightning         Conjuration/Air              6
   f - Tornado                        Air                          9
Comestibles
 g - 2 meat rations
 o - 2 chunks of flesh


   Skills:
 * Level 3.3 Fighting
 * Level 3.8 Short Blades
 + Level 3.5 Throwing
 * Level 3.5 Dodging
 * Level 7.6 Stealth


You had 5 spell levels left.
You didn't know any spells.

Dungeon Overview and Level Annotations

Branches:
Dungeon (4/15)
 Temple: D:4-7

Altars:
Ashenzari
Yredelemnul

Annotations:
D:3 JudasIscariot's ghost, amateur KoAs


Innate Abilities, Weirdness & Mutations

You are small and have problems with some larger weapons.
You are carnivorous and can eat meat at any time.


Message History

The orc wizard is moderately wounded.
The orc closely misses you. The orc barely misses you.
You closely miss the orc wizard.
The orc wizard is moderately wounded.
The orc wizard hits you with a dagger. The orc hits you with a mace.
The orc hits you with a hand axe.
The orc wizard hits you but does no damage.
The orc priest calls upon Beogh to heal the orc wizard.
The orc wizard's wounds heal themselves!
The orc priest hits you but does no damage.
A giant cockroach comes into view.
The orc wizard hits you with a dagger.
The orc priest invokes the aid of Beogh against you.
Pain shoots through your body!
The orc priest invokes the aid of Beogh against you.
Something smites you!
* * * LOW HITPOINT WARNING * * *
The orc priest mumbles some strange prayers to Beogh against you.
Something smites you!
You die...

#..###.#..##.###.##.......#
#
#........##.....##.#.....#
#
##.###.#..########.#.#....#
# #..#.o.#..### ##.# .
#...# .......#....# #.#
####....##..## #.#
#.'##.⌠.oo###.#
.........#..s.#.#
.#.......#####oo@#
.......s.# #...# .'..._...'
..'...# .#...........#..#.#
##.......#.##...##.#
#......!.. ..... ..# # .
...... ... #### #...####
... ...#


You could see an orc priest, an orc wizard, 2 orcs and a giant cockroach.

Vanquished Creatures
  An ogre (D:3)
  4 orc wizards
  3 adders
  An ooze (D:1)
  4 worms
  3 orcs
  A ball python (D:1)
  6 bats
  8 hobgoblins
  10 jackals
  5 quokkas
  4 giant cockroaches
  5 giant newts
  9 goblins
  7 kobolds
  9 rats
80 creatures vanquished.

Notes
Turn   | Place    | Note
--------------------------------------------------------------
     0 | D:1      | JudasIscariot the Kobold Assassin began the quest for the Orb.
     0 | D:1      | Reached XP level 1. HP: 12/12 MP: 1/1
   288 | D:1      | Reached XP level 2. HP: 16/18 MP: 2/2
   449 | D:1      | Reached XP level 3. HP: 14/22 MP: 3/3
   681 | D:1      | Reached skill level 6 in Stealth
  1159 | D:2      | Reached XP level 4. HP: 6/27 MP: 4/4
  1926 | D:3      | Noticed an ogre
  1959 | D:3      | Killed an ogre
  1959 | D:3      | Reached skill level 7 in Stealth
  1959 | D:3      | Reached XP level 5. HP: 30/32 MP: 5/5
  2225 | D:3      | Found a basalt altar of Yredelemnul.
  2277 | D:3      | Noticed JudasIscariot's ghost (amateur KoAs)
  2304 | D:3      | Reached XP level 6. HP: 37/37 MP: 6/6
  3597 | D:4      | Found a shattered altar of Ashenzari.
  3623 | D:4      | Killed from afar by an orc priest

Action                   |  1- 3 |  4- 6 || total
-------------------------+-------+-------++-------
Melee: Dagger            |    57 |   105 ||   162
 Fire: Blowgun           |    30 |    43 ||    73
  Use: Potion            |       |     4 ||     4
 Stab: Sleeping          |    17 |    10 ||    27
       Distracted        |       |     4 ||     4
  Eat: Chunk             |     8 |     9 ||    17
